[Event "GER-ch Youth-U10 2022"]
[Site "Willingen"]
[Date "2022.06.06"]
[Round "3.10"]
[White "Stehning, Toni"]
[Black "Gersemann, Karl"]
[Result "1-0"]
[ECO "B24"]
[WhiteElo "1097"]
[BlackElo "1620"]
[Annotator "NA RC COMBH"]
[PlyCount "145"]
[EventDate "2022.06.05"]
[EventType "swiss"]
[EventRounds "11"]
[EventCountry "GER"]
[SourceTitle "playchess.com"]
[Source "ChessBase"]
[SourceQuality "1"]
[TimeControl "40/4500+30:900+30"]

1. e4 c5 2. Nc3 e6 3. Nge2 Nc6 4. g3 g6 5. Bg2 Bg7 6. d3 Nge7 7. Be3 Nd4 8. Qd2 Nec6 9. Nd1 Nxe2 10. Qxe2 Nd4 11. Qd2 d6 12. c3 Nc6 13. Bh6 O-O 14. h4 d5 15. h5 Qe7 16. Bxg7 Kxg7 17. hxg6 fxg6 18. Qh6+ Kg8 19. exd5 exd5+ 20. Ne3 Be6 21. O-O-O Rad8 22. Rde1 Qg7 23. Qg5 d4 24. Ng4 Bxg4 25. Qxg4 dxc3 26. Qe6+ Rf7 27. Bd5 Rxd5 28. Qxd5 h5 29. Re8+ Kh7 30. bxc3 Qxc3+ 31. Kb1 Qb4+ 32. Qb3 Qxb3+ 33. axb3 Rxf2 34. Rc8 Kh6 35. g4 h4 36. Rh8+ Kg5 37. R8xh4 Rf1+ 38. Rxf1 Kxh4 39. Rf7 b6 40. Rf6 Ne5 41. Re6 Nxg4 42. Rxg6 Ne5 43. Rg7 Nxd3 44. Rxa7 Nb4 45. Kb2 Kg4 46. Kc3 Kf5 47. Kc4 Nc6 48. Ra6 Ne5+ 49. Kd5 Nd7 50. Kd6 Nf8 51. Rxb6 Kf6 52. Kxc5+ Ke5 53. Rd6 Nh7 54. Rd1 Ke6 55. Kc6 Ng5 56. b4 Nf3 57. b5 Ne5+ 58. Kc7 Nc4 59. b6 Nxb6 60. Kxb6 Ke5 61. Kc5 Ke4 62. Rd8 Ke3 63. Kc4 Kf2 64. Re8 Kg2 65. Rf8 Kh1 66. Rg8 Kh2 67. Kd4 Kh3 68. Ke5 Kh2 69. Kf4 Kh3 70. Rg7 Kh2 71. Kf3 Kh1 72. Kf2 Kh2 73. Rh7# 1-0

[Event "GER-ch Youth-U10 2022"]
[Site "Willingen"]
[Date "2022.06.06"]
[Round "3.11"]
[White "Li, Yunqi"]
[Black "Van 't Hof, Eric"]
[Result "0-1"]
[ECO "C54"]
[WhiteElo "1312"]
[BlackElo "2081"]
[Annotator "TA"]
[PlyCount "50"]
[EventDate "2022.06.05"]
[EventType "swiss"]
[EventRounds "11"]
[EventCountry "GER"]
[SourceTitle "playchess.com"]
[Source "ChessBase"]
[SourceQuality "1"]
[TimeControl "40/4500+30:900+30"]

1. e4 e5 2. Nf3 Nc6 3. Bc4 Nf6 4. d3 Bc5 5. c3 d6 6. h3 Be6 7. Bb5 {[%emt 0:00:21] C54: Giuoco Piano: 4 c3 Nf6, main lines with 5 d4 and 5 d3.} ({Better is} 7. Bxe6 $14 fxe6 8. b4) 7... Bd7 8. Ba4 O-O 9. Nbd2 {[%emt 0:00:07] The position is equal.} Ne7 10. Bc2 Ng6 11. Nf1 (11. d4 $11 exd4 12. cxd4) 11... c6 {[%emt 0:01:27] [#]} 12. Ng3 $146 ({Predecessor:} 12. d4 Bb6 13. Ng3 h6 14. O-O Bc7 15. Re1 Re8 16. Be3 d5 17. Qd2 Nf4 18. dxe5 Nxh3+ 19. gxh3 Bxe5 20. Nxe5 Rxe5 {1-0 (49) Priese,A (1028)-Cozma,D (1010) Willingen 2007}) 12... h6 13. O-O Re8 14. Re1 Bb6 15. d4 Qc7 16. a4 a6 17. b3 Rad8 18. Ba3 (18. Be3 $11) 18... Be6 19. Qe2 (19. Bc1 $11) 19... Nf4 $15 20. Qf1 Ba7 (20... Nh7 $15) 21. Bxd6 $2 {[%emt 0:05:09][%mdl 8192] Now White is beyond hope.} Qxd6 (21... Rxd6 $142 22. Nxe5 {[#]} Rxd4 $1 23. cxd4 Bxd4) 22. dxe5 $2 {[%emt 0:00:44] [#]} (22. Nxe5 Qc7 23. Nd3) 22... Qc7 $1 $19 23. exf6 {[%emt 0:02:03] [#] And now e5 would win.} Nxh3+ $1 24. gxh3 (24. Kh2 Nxf2) 24... Qxg3+ 25. Qg2 Bxf2+ $1 {[%emt 0:00:18] Weighted Error Value: White=0.56/Black=0.26 (precise)} 0-1

[Event "GER-ch Youth-U10 2022"]
[Site "Willingen"]
[Date "2022.06.06"]
[Round "3.12"]
[White "Hagn, Tobias"]
[Black "Rodriguez Klasen, Ennio"]
[Result "0-1"]
[ECO "B01"]
[WhiteElo "1337"]
[BlackElo "1315"]
[Annotator "NA RC COMBH"]
[PlyCount "118"]
[EventDate "2022.06.05"]
[EventType "swiss"]
[EventRounds "11"]
[EventCountry "GER"]
[SourceTitle "playchess.com"]
[Source "ChessBase"]
[SourceQuality "1"]
[TimeControl "40/4500+30:900+30"]

1. e4 d5 2. exd5 Qxd5 3. Nc3 Qa5 4. d4 Nf6 5. Bd2 Nc6 6. Nb5 Qb6 7. Bc3 a6 8. Na3 Ne4 9. Nc4 Nxc3 10. Nxb6 Nxd1 11. Nxa8 Nxb2 12. Nxc7+ Kd8 13. Nd5 Nxd4 14. Kd2 g6 15. Kc3 Na4+ 16. Kd2 e6 17. c3 Nc6 18. Ne3 Nxc3 19. Ne2 Ne4+ 20. Ke1 Bb4+ 21. Kd1 Nxf2+ 22. Kc2 Nxh1 23. Rd1+ Ke7 24. Nd4 Nxd4+ 25. Rxd4 Bc5 26. Rd3 Nf2 27. Rb3 Ne4 28. Nc4 b5 29. Ne5 Bb7 30. a4 f6 31. Nd3 Bd5 32. Nxc5 Nxc5 33. Rc3 Kd6 34. axb5 axb5 35. Bxb5 Rb8 36. Be2 Bxg2 37. Rg3 Be4+ 38. Kd2 Ke5 39. Rc3 Rd8+ 40. Ke3 Nd3 41. Ra3 f5 42. Ra5+ Rd5 43. Ra7 f4+ 44. Kd2 f3 45. Ke3 fxe2 46. Kxe2 Nf4+ 47. Ke1 h5 48. h4 Ng2+ 49. Ke2 Nxh4 50. Kf2 Kf4 51. Ke2 Bf3+ 52. Kf2 Rd2+ 53. Ke1 Re2+ 54. Kf1 Kg3 55. Ra4 Ng2 56. Ra1 h4 57. Rb1 h3 58. Kg1 h2+ 59. Kh1 Nh4# 0-1

[Event "GER-ch Youth-U10 2022"]
[Site "Willingen"]
[Date "2022.06.06"]
[Round "3.13"]
[White "Wagener, Nicolas"]
[Black "Tak, Rannveer"]
[Result "0-1"]
[ECO "C11"]
[WhiteElo "1315"]
[BlackElo "1746"]
[Annotator "NA RC COMBH"]
[PlyCount "134"]
[EventDate "2022.06.05"]
[EventType "swiss"]
[EventRounds "11"]
[EventCountry "GER"]
[SourceTitle "playchess.com"]
[Source "ChessBase"]
[SourceQuality "1"]
[TimeControl "40/4500+30:900+30"]

1. e4 e6 2. Nf3 d5 3. Nc3 Nf6 4. e5 Nfd7 5. d4 c5 6. dxc5 Bxc5 7. Bd3 Nc6 8. Bf4 Qb6 9. O-O f6 10. exf6 Nxf6 11. Na4 Qa5 12. c3 Be7 13. Ne5 O-O 14. b4 Qd8 15. b5 Nxe5 16. Bxe5 Bd6 17. Bxf6 Rxf6 18. Qh5 Rh6 19. Qg4 Bxh2+ 20. Kh1 Bd6+ 21. Kg1 Rh4 22. Qf3 Rxa4 23. Qh5 g6 24. Bxg6 hxg6 25. Qxg6+ Kf8 26. Qh6+ Ke8 27. Qg6+ Kd7 28. Rfe1 Kc7 29. Qc2 Rh4 30. g3 Rh6 31. c4 Kb8 32. cxd5 Qh8 33. dxe6 Rh1+ 34. Kg2 Qh3+ 35. Kf3 Rxe1 36. Rxe1 Bxe6 37. Qg6 Qf5+ 38. Qxf5 Bxf5 39. Re8+ Bc8 40. g4 Kc7 41. g5 Bg4+ 42. Kxg4 Rxe8 43. g6 Be5 44. f4 Bxf4 45. Kxf4 Kb6 46. a4 Ka5 47. Kf5 Kxa4 48. b6 axb6 49. g7 b5 50. Kf6 b4 51. Kf7 Rc8 52. g8=Q Rxg8 53. Kxg8 b3 54. Kf7 b2 55. Ke6 b1=Q 56. Kd5 Qc1 57. Kd6 b5 58. Kd5 b4 59. Kd4 b3 60. Kd3 Qc2+ 61. Kd4 b2 62. Kd5 b1=Q 63. Kd6 Qbd1+ 64. Ke5 Qce2+ 65. Kf4 Qdf1+ 66. Kg3 Qeg2+ 67. Kh4 Qfh1# 0-1

[Event "GER-ch Youth-U10 2022"]
[Site "Willingen"]
[Date "2022.06.06"]
[Round "3.14"]
[White "Rinke, Alexander"]
[Black "Vu, Khoi Nguyen"]
[Result "0-1"]
[ECO "C60"]
[WhiteElo "1292"]
[BlackElo "1627"]
[Annotator "NA RC COMBH"]
[PlyCount "72"]
[EventDate "2022.06.05"]
[EventType "swiss"]
[EventRounds "11"]
[EventCountry "GER"]
[SourceTitle "playchess.com"]
[Source "ChessBase"]
[SourceQuality "1"]
[TimeControl "40/4500+30:900+30"]

1. e4 e5 2. Nf3 Nc6 3. Bb5 Nge7 4. O-O g6 5. d4 exd4 6. Nxd4 Bg7 7. c3 O-O 8. Bg5 f6 9. Bc4+ Kh8 10. Bf4 Ne5 11. Bb3 b6 12. Nd2 Bb7 13. Qe2 a6 14. N4f3 c5 15. Nxe5 fxe5 16. Bg5 Bf6 17. Bh6 Bg7 18. Bg5 Bf6 19. Bh6 Bg7 20. Bg5 b5 21. Bc2 d6 22. Rad1 Bc8 23. h3 Qc7 24. Bxe7 Qxe7 25. Nf3 Be6 26. a3 Rf7 27. Rd2 Bh6 28. Rdd1 Raf8 29. Rfe1 Bxh3 30. gxh3 Rxf3 31. Kh2 Bf4+ 32. Kg1 Qg5+ 33. Kf1 Bh2 34. Qxf3 Rxf3 35. Ke2 Qg2 36. Kd2 Bf4+ 0-1

[Event "GER-ch Youth-U10 2022"]
[Site "Willingen"]
[Date "2022.06.06"]
[Round "3.15"]
[White "Moskalenko, Michael"]
[Black "Lee, Ho In"]
[Result "1-0"]
[ECO "E94"]
[WhiteElo "1266"]
[BlackElo "1396"]
[Annotator "NA RC COMBH"]
[PlyCount "47"]
[EventDate "2022.06.05"]
[EventType "swiss"]
[EventRounds "11"]
[EventCountry "GER"]
[SourceTitle "playchess.com"]
[Source "ChessBase"]
[SourceQuality "1"]
[TimeControl "40/4500+30:900+30"]

1. d4 Nf6 2. c4 g6 3. Nc3 Bg7 4. e4 d6 5. Nf3 O-O 6. Be2 Nbd7 7. O-O e5 8. Bg5 c6 9. d5 Qc7 10. Nd2 a5 11. f3 Qb6+ 12. Kh1 Qxb2 13. Na4 Qd4 14. Qc1 Qa7 15. Rb1 cxd5 16. cxd5 Qd4 17. Qc2 h6 18. Bh4 Qa7 19. Bf2 Qb8 20. Rfc1 Ne8 21. Nc4 Qc7 22. Ncb6 Qxc2 23. Rxc2 Nxb6 24. Nxb6 1-0

[Event "GER-ch Youth-U10 2022"]
[Site "Willingen"]
[Date "2022.06.06"]
[Round "3.16"]
[White "Fels, Mattis"]
[Black "Heitmann, Erik"]
[Result "0-1"]
[ECO "D00"]
[WhiteElo "1395"]
[BlackElo "1287"]
[Annotator "NA RC COMBH"]
[PlyCount "88"]
[EventDate "2022.06.05"]
[EventType "swiss"]
[EventRounds "11"]
[EventCountry "GER"]
[SourceTitle "playchess.com"]
[Source "ChessBase"]
[SourceQuality "1"]
[TimeControl "40/4500+30:900+30"]

1. d4 d5 2. Nc3 Nf6 3. Bf4 c6 4. e3 Bf5 5. f3 e6 6. g4 Bg6 7. h4 h6 8. Bd3 Bh7 9. Nge2 Be7 10. Qd2 Bxd3 11. cxd3 Nfd7 12. e4 Bxh4+ 13. Ng3 g5 14. Rxh4 gxh4 15. Qe2 hxg3 16. exd5 Qe7 17. d6 Qh4 18. d5 g2+ 19. Kd2 Qf6 20. Qe3 e5 21. d4 Qxf4 22. Qxf4 exf4 23. Re1+ Kd8 24. Ke2 Re8+ 25. Ne4 cxd5 26. Kf2 dxe4 27. fxe4 Nc6 28. Kxg2 Nxd4 29. Rc1 Rxe4 30. Rc4 Nf6 31. a4 Rc8 32. Rb4 b6 33. a5 f3+ 34. Kg3 Rxg4+ 35. Kf2 bxa5 36. Rb7 Ne4+ 37. Ke3 Nxd6 38. Rxa7 N6f5+ 39. Kf2 Rg2+ 40. Kf1 Ng3+ 41. Ke1 f2+ 42. Kd2 f1=Q+ 43. Ke3 Re2+ 44. Kxd4 Qd1# 0-1

[Event "GER-ch Youth-U10 2022"]
[Site "Willingen"]
[Date "2022.06.06"]
[Round "3.18"]
[White "Rohatgi, Kushagra"]
[Black "Menke, Raphael Wilhelm"]
[Result "1-0"]
[ECO "C54"]
[WhiteElo "1222"]
[BlackElo "1212"]
[Annotator "NA RC COMBH"]
[PlyCount "105"]
[EventDate "2022.06.05"]
[EventType "swiss"]
[EventRounds "11"]
[EventCountry "GER"]
[SourceTitle "playchess.com"]
[Source "ChessBase"]
[SourceQuality "1"]
[TimeControl "40/4500+30:900+30"]

1. e4 e5 2. Nf3 Nc6 3. Bc4 Nf6 4. d3 Bc5 5. c3 a6 6. a4 d6 7. O-O h6 8. h3 g5 9. d4 Ba7 10. dxe5 dxe5 11. Qxd8+ Kxd8 12. Bxf7 Nxe4 13. Bd5 Nd6 14. Bxc6 bxc6 15. Nxe5 Bb7 16. Nd2 Rf8 17. Ndf3 Rf5 18. Be3 Bxe3 19. fxe3 Ke7 20. Nd3 Raf8 21. Nd4 Rxf1+ 22. Rxf1 Rxf1+ 23. Kxf1 a5 24. Nc5 Ba8 25. Nde6 Ne8 26. Kf2 Kf6 27. Kg3 Kf5 28. Nd4+ Kg6 29. b4 axb4 30. cxb4 Kf6 31. h4 Ng7 32. hxg5+ hxg5 33. Kg4 Kg6 34. Nde6 Nxe6 35. Nxe6 Kf6 36. Nc5 Kg6 37. e4 Kf6 38. g3 Ke5 39. Kxg5 Kd4 40. Kf5 Kc4 41. Ke5 Kxb4 42. Kd4 Ka5 43. e5 Kb6 44. e6 Bb7 45. Nxb7 Kxb7 46. e7 Kb6 47. e8=Q c5+ 48. Kc4 Kb7 49. Kxc5 c6 50. Qxc6+ Kb8 51. a5 Ka7 52. a6 Kb8 53. Qb7# 1-0

[Event "GER-ch Youth-U10 2022"]
[Site "Willingen"]
[Date "2022.06.06"]
[Round "3.19"]
[White "Rudolph, Simon"]
[Black "Khanbekyan, Aram"]
[Result "1-0"]
[ECO "B34"]
[WhiteElo "1361"]
[BlackElo "998"]
[Annotator "NA RC COMBH"]
[PlyCount "53"]
[EventDate "2022.06.05"]
[EventType "swiss"]
[EventRounds "11"]
[EventCountry "GER"]
[SourceTitle "playchess.com"]
[Source "ChessBase"]
[SourceQuality "1"]
[TimeControl "40/4500+30:900+30"]

1. e4 c5 2. Nf3 Nc6 3. d4 cxd4 4. Nxd4 g6 5. b3 Bg7 6. Bb2 Qb6 7. c3 Nf6 8. Qc2 O-O 9. Be2 Re8 10. O-O e6 11. Nb5 a6 12. Nd6 Re7 13. Ba3 Re8 14. Nxe8 Nxe8 15. Bb2 d5 16. exd5 exd5 17. Rd1 Nc7 18. Bf3 Be6 19. Na3 Bf8 20. Nb1 Bc5 21. c4 dxc4 22. bxc4 Na5 23. Nc3 Nxc4 24. Na4 Qb5 25. Nxc5 Qxc5 26. Qc3 Ne5 27. Qxc5 1-0

[Event "GER-ch Youth-U10 2022"]
[Site "Willingen"]
[Date "2022.06.06"]
[Round "3.20"]
[White "Leonhardt, Max"]
[Black "Svanidze, Alexander"]
[Result "0-1"]
[ECO "A46"]
[WhiteElo "1114"]
[BlackElo "1348"]
[Annotator "NA RC COMBH"]
[PlyCount "84"]
[EventDate "2022.06.05"]
[EventType "swiss"]
[EventRounds "11"]
[EventCountry "GER"]
[SourceTitle "playchess.com"]
[Source "ChessBase"]
[SourceQuality "1"]
[TimeControl "40/4500+30:900+30"]

1. d4 Nf6 2. c4 c5 3. Nc3 cxd4 4. Qxd4 Nc6 5. Qd1 e6 6. Nf3 Bc5 7. Bg5 Qb6 8. e3 Qxb2 9. Rc1 Bb4 10. Bxf6 gxf6 11. Qd2 Qxd2+ 12. Nxd2 a6 13. g3 Rb8 14. Bg2 b6 15. O-O Bb7 16. Nde4 Ke7 17. Ne2 e5 18. Rfd1 h5 19. h4 Na5 20. Rb1 Bc5 21. Nxc5 bxc5 22. Bxb7 Rxb7 23. Rxb7 Nxb7 24. Nc3 d6 25. Nd5+ Ke6 26. Nc7+ Kd7 27. Nxa6 Ra8 28. Rb1 Kc6 29. Nxc5 Nxc5 30. Ra1 Nd3 31. Kg2 Kc5 32. f4 exf4 33. exf4 f5 34. Kf3 Ra3 35. Ke2 Kxc4 36. Rg1 Rxa2+ 37. Ke3 d5 38. g4 d4+ 39. Kf3 hxg4+ 40. Kg3 Nc5 41. Rc1+ Kd5 42. h5 Ne4+ 0-1

[Event "GER-ch Youth-U10 2022"]
[Site "Willingen"]
[Date "2022.06.06"]
[Round "3.21"]
[White "Wolf, Noah"]
[Black "Fischermann, Simon"]
[Result "0-1"]
[ECO "C54"]
[WhiteElo "1073"]
[BlackElo "1344"]
[Annotator "NA RC COMBH"]
[PlyCount "84"]
[EventDate "2022.06.05"]
[EventType "swiss"]
[EventRounds "11"]
[EventCountry "GER"]
[SourceTitle "playchess.com"]
[Source "ChessBase"]
[SourceQuality "1"]
[TimeControl "40/4500+30:900+30"]

1. e4 e5 2. Nf3 Nc6 3. Bc4 Bc5 4. c3 Nf6 5. d4 exd4 6. b4 Bb6 7. e5 d5 8. exf6 dxc4 9. b5 Na5 10. fxg7 Rg8 11. O-O d3 12. Bg5 Qd5 13. Ne5 Rxg7 14. Qh5 Qxe5 15. Nd2 Qxg5 16. Qxg5 Rxg5 17. Ne4 Rg7 18. Nf6+ Kf8 19. Rfe1 Be6 20. Re4 Rd8 21. Rae1 d2 22. Rd1 Bf5 23. Re2 Rg6 24. g4 Rxf6 25. gxf5 Rxf5 26. Rdxd2 Rxd2 27. Rxd2 Rxf2 28. Rxf2 Bxf2+ 29. Kxf2 Nb3 30. axb3 cxb3 31. b6 cxb6 32. c4 b2 33. c5 b1=Q 34. cxb6 Qxb6+ 35. Kf3 a5 36. h4 a4 37. h5 a3 38. h6 Qd4 39. Ke2 a2 40. Kf3 a1=Q 41. Kg2 Qe3 42. Kh2 Qag1# 0-1

[Event "GER-ch Youth-U10 2022"]
[Site "Willingen"]
[Date "2022.06.06"]
[Round "3.22"]
[White "Li, Joshua"]
[Black "Fischer, Quirin"]
[Result "0-1"]
[ECO "B39"]
[WhiteElo "1599"]
[BlackElo "1195"]
[Annotator "NA RC COMBH"]
[PlyCount "104"]
[EventDate "2022.06.05"]
[EventType "swiss"]
[EventRounds "11"]
[EventCountry "GER"]
[SourceTitle "playchess.com"]
[Source "ChessBase"]
[SourceQuality "1"]
[TimeControl "40/4500+30:900+30"]

1. e4 c5 2. Nf3 Nc6 3. d4 cxd4 4. Nxd4 g6 5. c4 Bg7 6. Be3 Nf6 7. Nc3 Ng4 8. Nxc6 Nxe3 9. fxe3 bxc6 10. Bd3 Qa5 11. Qb3 O-O 12. O-O Qc5 13. Rf3 Qb6 14. Qxb6 axb6 15. Bc2 Bxc3 16. bxc3 Ra3 17. Bb3 Ba6 18. Rd1 d6 19. Rdf1 e6 20. R1f2 b5 21. c5 d5 22. exd5 cxd5 23. Rf4 f5 24. g4 Rc8 25. gxf5 exf5 26. Bxd5+ Kg7 27. c6 Rxc3 28. Rd4 Rxe3 29. Rc2 Kf6 30. Bb3 Re7 31. c7 Bb7 32. Rd6+ Kg7 33. Be6 Rcxc7 34. Rxc7 Rxc7 35. Rd7+ Rxd7 36. Bxd7 Bd5 37. Bxb5 Bxa2 38. Bd3 Kf6 39. Kf2 Ke5 40. Be2 h6 41. Kg3 Bf7 42. Kf2 Kf4 43. Bd1 g5 44. h3 h5 45. Be2 Bd5 46. Bd1 g4 47. hxg4 hxg4 48. Kg1 Kg3 49. Be2 f4 50. Bf1 f3 51. Bg2 f2+ 52. Kf1 Bc4# 0-1

[Event "GER-ch Youth-U10 2022"]
[Site "Willingen"]
[Date "2022.06.06"]
[Round "3.23"]
[White "Wang, Kaiwen"]
[Black "Bundan, Edward"]
[Result "0-1"]
[ECO "B48"]
[WhiteElo "1151"]
[BlackElo "1240"]
[Annotator "NA RC COMBH"]
[PlyCount "96"]
[EventDate "2022.06.05"]
[EventType "swiss"]
[EventRounds "11"]
[EventCountry "GER"]
[SourceTitle "playchess.com"]
[Source "ChessBase"]
[SourceQuality "1"]
[TimeControl "40/4500+30:900+30"]

1. e4 c5 2. Nf3 e6 3. d4 cxd4 4. Nxd4 Nc6 5. Nc3 Qc7 6. Be3 Nf6 7. Bd3 Bb4 8. O-O O-O 9. f4 d6 10. f5 Bc5 11. fxe6 Nxd4 12. exf7+ Rxf7 13. Bc4 Be6 14. Nd5 Bxd5 15. Rxf6 Bxc4 16. Rxf7 Bxf7 17. Bxd4 Bxd4+ 18. Qxd4 Qc5 19. Rd1 Qxd4+ 20. Rxd4 Rd8 21. e5 d5 22. c4 Kf8 23. c5 Ke7 24. Ra4 a6 25. Rb4 Rd7 26. Rb6 d4 27. Rd6 Rxd6 28. exd6+ Kd7 29. a3 b6 30. b4 bxc5 31. bxc5 Kc6 32. Kf2 Be6 33. Ke2 Kxc5 34. Kd3 Bf5+ 35. Kd2 Kxd6 36. h3 Kd5 37. g4 Be4 38. h4 h6 39. g5 hxg5 40. hxg5 Ke5 41. Kc1 Kf5 42. Kd2 Kxg5 43. Kc1 Kf4 44. Kd2 d3 45. Kd1 Ke3 46. a4 Bf3+ 47. Ke1 d2+ 48. Kf1 d1=Q# 0-1

[Event "GER-ch Youth-U10 2022"]
[Site "Willingen"]
[Date "2022.06.06"]
[Round "3.24"]
[White "Andersen, Jonatan M"]
[Black "Hellriegel, Hannes"]
[Result "1-0"]
[ECO "C50"]
[WhiteElo "1857"]
[BlackElo "1335"]
[Annotator "NA RC COMBH"]
[PlyCount "57"]
[EventDate "2022.06.05"]
[EventType "swiss"]
[EventRounds "11"]
[EventCountry "GER"]
[SourceTitle "playchess.com"]
[Source "ChessBase"]
[SourceQuality "1"]
[TimeControl "40/4500+30:900+30"]

1. e4 e5 2. Nf3 Nc6 3. d4 exd4 4. Nxd4 Nxd4 5. Qxd4 Be7 6. Bc4 $14 ({Better is} 6. Qxg7 $18 Bf6 7. Qg3) 6... Bf8 7. O-O c5 8. Qd3 Qf6 9. Nc3 Ne7 10. Nb5 Kd8 11. Nd6 Kc7 12. Nxf7 Rg8 13. e5 Qg6 14. Qd6+ Qxd6 15. exd6+ Kb8 16. dxe7 a6 17. e8=Q Ka7 18. Nd6 b5 19. Bxg8 Bb7 20. Qxd7 Rb8 21. Bd5 Bxd6 22. Bxb7 Bxh2+ 23. Kxh2 Rxb7 24. Qc6 h5 25. Be3 g5 26. Bxc5+ Kb8 27. Rfe1 Re7 28. Rxe7 h4 29. Qb7# 1-0

[Event "GER-ch Youth-U10 2022"]
[Site "Willingen"]
[Date "2022.06.06"]
[Round "3.25"]
[White "Classen, Marnin"]
[Black "Mulgunov, Jefim Nikolaj"]
[Result "1-0"]
[ECO "C90"]
[WhiteElo "1168"]
[BlackElo "1055"]
[Annotator "NA RC COMBH"]
[PlyCount "63"]
[EventDate "2022.06.05"]
[EventType "swiss"]
[EventRounds "11"]
[EventCountry "GER"]
[SourceTitle "playchess.com"]
[Source "ChessBase"]
[SourceQuality "1"]
[TimeControl "40/4500+30:900+30"]

1. e4 e5 2. Nf3 Nc6 3. Bb5 a6 4. Ba4 Nf6 5. O-O b5 6. Bb3 Bb7 7. Re1 Be7 8. d3 O-O 9. c3 d6 10. Nbd2 Qd7 11. Nf1 Na5 12. Bc2 Rad8 13. b4 Nc6 14. Bb2 d5 15. Ne3 d4 16. Nf5 a5 17. bxa5 Bc5 18. Qd2 dxc3 19. Bxc3 Ng4 20. Re2 Qe6 21. h3 Nh6 22. Nxh6+ Qxh6 23. Qxh6 gxh6 24. Nxe5 Nd4 25. Rd2 Nxc2 26. Rxc2 f6 27. Ng4 Rxd3 28. Bxf6 Kf7 29. Rxc5 Ke8 30. Re5+ Kd7 31. Rxb5 Bxe4 32. Ne5+ 1-0

[Event "GER-ch Youth-U10 2022"]
[Site "Willingen"]
[Date "2022.06.06"]
[Round "3.27"]
[White "Antonius, Richard-Malte"]
[Black "Meurer, Knut"]
[Result "1-0"]
[ECO "D02"]
[WhiteElo "1106"]
[BlackElo "998"]
[Annotator "NA RC COMBH"]
[PlyCount "53"]
[EventDate "2022.06.05"]
[EventType "swiss"]
[EventRounds "11"]
[EventCountry "GER"]
[SourceTitle "playchess.com"]
[Source "ChessBase"]
[SourceQuality "1"]
[TimeControl "40/4500+30:900+30"]

1. d4 d5 2. c3 Nf6 3. Nf3 c5 4. Bf4 Nc6 5. e3 Bg4 6. Nbd2 Bxf3 7. Nxf3 e6 8. Bd3 c4 9. Bc2 Be7 10. O-O O-O 11. Re1 h6 12. e4 Qd7 13. e5 Nh5 14. Bg3 Nxg3 15. hxg3 Qc7 16. Bb1 Bg5 17. Nxg5 hxg5 18. Qc2 f5 19. exf6 Rxf6 20. Qh7+ Kf7 21. Qh5+ g6 22. Qh7+ Kf8 23. Qxc7 Rf7 24. Qd6+ Re7 25. Rxe6 Ke8 26. Rxe7+ Nxe7 27. Qf6 1-0

[Event "GER-ch Youth-U10 2022"]
[Site "Willingen"]
[Date "2022.06.06"]
[Round "4.1"]
[White "Zhang, Yibo"]
[Black "Nezhyvenko, Mykhaylo"]
[Result "0-1"]
[ECO "B40"]
[WhiteElo "1436"]
[BlackElo "1488"]
[Annotator "NA RC COMBH"]
[PlyCount "84"]
[EventDate "2022.06.05"]
[EventType "swiss"]
[EventRounds "11"]
[EventCountry "GER"]
[SourceTitle "playchess.com"]
[Source "ChessBase"]
[SourceQuality "1"]
[TimeControl "40/4500+30:900+30"]

1. e4 c5 2. Nf3 e6 3. c4 Nc6 4. Nc3 Nd4 5. d3 Ne7 6. Bf4 Nec6 7. Be2 Be7 8. O-O g5 9. Bd2 h5 10. Nb5 Nxe2+ 11. Qxe2 g4 12. Ne1 a6 13. Bc3 Rg8 14. Na3 Qc7 15. f4 Rb8 16. Nac2 b5 17. b3 b4 18. Bb2 Bb7 19. f5 Bd6 20. g3 h4 21. gxh4 Ne5 22. fxe6 dxe6 23. Kh1 g3 24. h3 g2+ 25. Nxg2 Rg3 26. Nf4 Ng6 27. Nh5 Rxh3+ 28. Kg1 Bh2+ 29. Kg2 Rxh4 30. Ng7+ Kd8 31. Bf6+ Kc8 32. Bxh4 Nxh4+ 33. Kh1 Be5 34. Nxe6 Qe7 35. Rad1 Qxe6 36. Qe3 Nf5 37. Qxc5+ Kd7 38. Kg1 Rg8+ 39. Kf2 Qf6 40. Ke2 Ng3+ 41. Kd2 Nxf1+ 42. Rxf1 Qxf1 0-1

[Event "GER-ch Youth-U10 2022"]
[Site "Willingen"]
[Date "2022.06.06"]
[Round "4.2"]
[White "Kateryniuk, Ivan"]
[Black "Vartanian, Roman"]
[Result "1-0"]
[ECO "B28"]
[WhiteElo "1187"]
[BlackElo "1511"]
[Annotator "NA RC COMBH"]
[PlyCount "83"]
[EventDate "2022.06.05"]
[EventType "swiss"]
[EventRounds "11"]
[EventCountry "GER"]
[SourceTitle "playchess.com"]
[Source "ChessBase"]
[SourceQuality "1"]
[TimeControl "40/4500+30:900+30"]

1. e4 c5 2. c3 e6 3. Nf3 a6 4. d4 Nf6 5. e5 Nd5 6. Bc4 Nb6 7. Bb3 cxd4 8. cxd4 d5 9. Nc3 Nc6 10. a3 Bd7 11. Bc2 h6 12. Ne2 g6 13. b3 Bg7 14. Be3 O-O 15. Qd2 Kh7 16. h4 Rh8 17. h5 Kg8 18. hxg6 fxg6 19. Bxg6 Be8 20. Bc2 Bf7 21. Rh3 h5 22. Rg3 Kf8 23. Nf4 Ne7 24. Ng5 Qd7 25. Nh7+ Rxh7 26. Bxh7 Nf5 27. Bxf5 exf5 28. Qb4+ Ke8 29. Rxg7 Nc8 30. e6 Bxe6 31. Rxd7 Bxd7 32. Nxd5 a5 33. Qxb7 Ra7 34. Nc7+ Kd8 35. Bg5+ Ne7 36. Qxa7 Bc8 37. Nd5 Bd7 38. Nb6 Ke8 39. Qxd7+ Kf7 40. Qxe7+ Kg6 41. Nd5 h4 42. Nf4# 1-0

[Event "GER-ch Youth-U10 2022"]
[Site "Willingen"]
[Date "2022.06.06"]
[Round "4.3"]
[White "Zimmer, Tim"]
[Black "Stehning, Toni"]
[Result "0-1"]
[ECO "C54"]
[WhiteElo "1164"]
[BlackElo "1097"]
[Annotator "NA RC COMBH"]
[PlyCount "92"]
[EventDate "2022.06.05"]
[EventType "swiss"]
[EventRounds "11"]
[EventCountry "GER"]
[SourceTitle "playchess.com"]
[Source "ChessBase"]
[SourceQuality "1"]
[TimeControl "40/4500+30:900+30"]

1. e4 e5 2. Nf3 Nc6 3. Bc4 Nf6 4. d3 Bc5 5. c3 d6 6. Nbd2 Bb6 7. b4 Ne7 8. Nf1 Ng6 9. Ng3 O-O 10. O-O c6 11. Bb3 h6 12. h3 Re8 13. Re1 Qc7 14. Be3 d5 15. exd5 cxd5 16. Ba4 Bd7 17. Bxd7 Nxd7 18. Qb3 Bxe3 19. Rxe3 Nf4 20. Rae1 Qd6 21. c4 d4 22. Re4 b6 23. Nxd4 Nf6 24. Nb5 Qxd3 25. Rxe5 Rxe5 26. Rxe5 Qd2 27. Qf3 Rd8 28. Qe3 Qd1+ 29. Kh2 Ng6 30. Rf5 Nh4 31. Rf4 Ng6 32. Rd4 Rxd4 33. Qxd4 Qc2 34. Nxa7 Qxa2 35. Qxb6 Qxc4 36. Qc5 Qa2 37. b5 Nd7 38. Qc7 Ndf8 39. b6 Qxf2 40. b7 Nf4 41. Qc6 Qxa7 42. Ne4 Ne2 43. Nc5 Qa1 44. h4 Qe5+ 45. Kh1 Qf4 46. Qf3 Qxh4+ 0-1